AoeStats
← decity

Golden Pit

509322429Analyzed
1v1 RM · 6d ago on Sep 26, 2026· 24m 3s· 2 players
Game mode
Random Map
Map size
Tiny (2 player)
Population
200
Speed
Normal
Resources
Standard
Victory
Conquest
Starting age
Dark Age
Ending age
Imperial Age
RankedLock teamsTeams togetherTeam positionsShared explorationLock speedFull tech treeHidden civsTurbo modeCheats
Victory
Defeat
🇫🇷 Teutons · France
637
+17
🇮🇹 Chinese · Italy
656
-17
benji.reveur
10:05 Feudal Age
10:39 Double-Bit Axe
11:39 Man-at-Arms
14:16 Gold Mining
15:51 Scale Mail Armor
17:14 Arson
23:46 Castle Age
22:18 Fletching
22:31 Padded Archer Armor
22:28 Horse Collar
decity
1:10 Loom
12:54 Feudal Age
13:32 Horse Collar
16:49 Stone Mining
19:29 Double-Bit Axe
23:48 Padded Archer Armor
23:39 Fletching
Connection lost

Rejoining the realm…

Still unreachable

The connection could not be restored.

Session expired

The server has moved on; the page needs a fresh start.